 Dungeon Crawl Stone Soup version 0.15.2 (webtiles) character file.

119 ztt the Firebug (level 5, -5/32 HPs)
             Began as an Octopode Fire Elementalist on Nov 6, 2014.
             Killed by divine providence
             ... invoked by an orc priest
              (10 damage)
             ... on Level 3 of the Dungeon.
             The game lasted 00:12:25 (3606 turns).

ztt the Firebug (Octopode Fire Elementalist)        Turns: 3606, Time: 00:12:25

HP  -5/32        AC  1     Str  7      XL: 5   Next:  3%
MP   2/10        EV 12     Int 18      God:
Gold 73          SH  0     Dex 13      Spells:  3 memorised,  3 levels left

rFire  . . .     SeeInvis .     (no weapon)
rCold  . . .     Clarity  .     (no shield)
rNeg   + . .     rCorr    .     (helmet restricted)
rPois  .         rRot     .     f - amulet of resist mutation
rElec  .         Spirit   .     l - ring of positive energy
SustAb .         Warding  .     (no ring)
rMut   +         Stasis   .     (no ring)
Gourm  .                        (no ring)
MR     .....                    (no ring)
                                (no ring)
                                (no ring)
                                (no ring)

@: very slightly contaminated, not resistant to hostile enchantments, fairly
stealthy
A: almost no armour, amphibious, 8 rings, constrict 8, camouflage 1, gelatinous
body 1
a: no special abilities


You were on level 3 of the Dungeon.
You were not hungry.

You visited 1 branch of the dungeon, and saw 3 of its levels.

You collected 73 gold pieces.

Inventory:

Armour
 i - a +0 shield
Comestibles
 c - 3 bread rations
 j - a meat ration
Scrolls
 a - a scroll of teleportation
 d - a scroll of fog
Jewellery
 f - an amulet of resist mutation (around mantle)
 l - a ring of positive energy (left tentacle)
Potions
 e - a potion of agility
 g - a potion of brilliance {unknown}
 h - a potion of flight
 m - a potion of restore abilities {unknown}
Books
 b - a book of Flames

   Spells                             Type                      Level
   *Flame Tongue                      Conjuration/Fire             1
   *Throw Flame                       Conjuration/Fire             2
   *Conjure Flame                     Conjuration/Fire             3
   Inner Flame                        Hexes/Fire                   3
   Sticky Flame                       Conjuration/Fire             4
   Fireball                           Conjuration/Fire             5


   Skills:
 + Level 0.4 Fighting
 + Level 2.4 Dodging
 + Level 2.9 Stealth
 + Level 0.2 Unarmed Combat
 + Level 2.8 Spellcasting
 + Level 2.3 Conjurations
 + Level 3.9 Fire Magic


You had 3 spell levels left.
You knew the following spells:

 Your Spells              Type           Power        Failure   Level  Hunger
a - Flame Tongue          Conj/Fire      ##...        6%          1    None
b - Throw Flame           Conj/Fire      ##....       10%         2    ##.....
c - Conjure Flame         Conj/Fire      ##......     17%         3    ###....


Dungeon Overview and Level Annotations

Branches:
Dungeon (3/15)

Altars:

Annotations:
D:3 Sigmund


Innate Abilities, Weirdness & Mutations

You cannot wear most types of armour.
You are amphibious.
You can wear up to eight rings at the same time.
You can use your tentacles to constrict many enemies at once.
Your skin changes colour to match your surroundings (Stealth).
Your rubbery body absorbs attacks (AC +1).


Message History

The orc priest hits you.
* * * LOW HITPOINT WARNING * * *
Casting: Flame Tongue
Confirm with . or Enter, or press ? or * to list all spells.
Aiming: Flame Tongue
Press: ? - help, Shift-Dir - straight line, f/p - orc priest
Aim: an orc priest (almost dead)
The flame tongue hits the orc priest.
The orc priest appears unharmed.
The orc priest is almost dead.
The orc priest prays to Beogh.
You feel troubled.
Casting: Flame Tongue
Confirm with . or Enter, or press ? or * to list all spells.
Aiming: Flame Tongue
Press: ? - help, Shift-Dir - straight line, f/p - orc priest
Aim: an orc priest (almost dead)
You miscast Flame Tongue.
Nothing appears to happen.
The orc priest calls down the wrath of Beogh upon you.
Something smites you!
You die...

#.....#[# #.>...
#.....#.# #.#..#
#######)# #.#..#
####### #.# #.#...
#. ...# #.# #.##.#
#. #.###.####....#
#. #.......%...###
###.###.###.....#.#
#..o@...# #####.#.#
#..#...###
####.#.### #
##..(..............
#...##########.....
...#># #..<###
##.##.# #...#....
#. #.# #.# ..### #.
... # #.## ... #.


You could see an orc priest.

Vanquished Creatures
  5 adders
  A giant mite (D:2)
  An inept item mimic (D:2)
  3 worms
  An ooze (D:2)
  2 orcs (D:3)
  4 giant cockroaches
  5 goblins
  4 hobgoblins
  2 quokkas
  A ball python (D:1)
  5 bats
  2 giant newts (D:2)
  6 kobolds
  A kobold zombie (D:1)
  4 rats
47 creatures vanquished.

Notes
Turn   | Place    | Note
--------------------------------------------------------------
     0 | D:1      | ztt, the Octopode Fire Elementalist, began the quest for the Orb.
     0 | D:1      | Reached XP level 1. HP: 11/11 MP: 3/3
   698 | D:1      | Reached XP level 2. HP: 17/17 MP: 2/4
  1855 | D:3      | Noticed Sigmund
  1952 | D:3      | Noticed a centaur
  2063 | D:2      | Reached XP level 3. HP: 21/21 MP: 4/6
  2067 | D:2      | Learned a level 2 spell: Throw Flame
  2071 | D:2      | Learned a level 3 spell: Conjure Flame
  2646 | D:2      | Reached XP level 4. HP: 19/27 MP: 2/7
  3413 | D:3      | Reached XP level 5. HP: 27/32 MP: 6/10
  3606 | D:3      | Killed from afar by an orc priest

Action                   |  1- 3 |  4- 6 || total
-------------------------+-------+-------++-------
Melee: Unarmed           |    15 |     3 ||    18
 Cast: Flame Tongue      |    66 |    43 ||   109
       Throw Flame       |     3 |       ||     3
       Conjure Flame     |     1 |       ||     1
  Use: Scroll            |     6 |     1 ||     7
  Eat: Chunk             |     5 |     4 ||     9
